 Dungeon Crawl Stone Soup version 0.20.0-15-g7f486f2 (webtiles) character file.

109 JarielCorvus the Magician (level 4, -3/24 HPs)
             Began as a Deep Elf Wizard on June 24, 2017.
             Killed by divine providence
             ... invoked by an orc priest
              (11 damage)
             ... on level 3 of the Dungeon.
             The game lasted 00:05:47 (2694 turns).

JarielCorvus the Magician (Deep Elf Wizard)         Turns: 2694, Time: 00:05:48

Health: -3/24      AC:  5    Str:  4    XL:     4   Next: 60%
Magic:  7/14       EV: 13    Int: 24    God:
Gold:   115        SH:  0    Dex: 13    Spells: 5/16 levels left

rFire    . . .     SeeInvis .   (no weapon)
rCold    . . .     Gourm    .   (no shield)
rNeg     . . .     Faith    .   a - +0 robe
rPois    .         Spirit   .   b - +0 hat
rElec    .         Reflect  .   h - +1 cloak
rCorr    .         Harm     .   k - +0 pair of gloves
MR       .....                  (no boots)
Stlth    ++........             (no amulet)
Regen    0.1/turn               n - ring of flight
MPRegen  0.2/turn               (no ring)

@: no status effects
A: no striking features
a: Evoke Flight


You were on level 3 of the Dungeon.
You were not hungry.

You visited 1 branch of the dungeon, and saw 3 of its levels.

You collected 115 gold pieces.

Inventory:

Hand Weapons
 e - a +0 dagger
Armour
 a - a +0 robe (worn)
 b - a +0 hat (worn)
 h - a +1 cloak (worn)
 k - a +0 pair of gloves (worn)
Jewellery
 n - a ring of flight (left hand)
Scrolls
 f - 2 scrolls of remove curse
 i - a scroll of blinking
 m - 2 scrolls of identify {unknown}
Potions
 j - a potion of brilliance {unknown}
 l - 2 potions of curing
Books
 c - a book of Minor Magic

   Spells                             Type                      Level
   a - Magic Dart                     Conjuration                  1
   b - Blink                          Translocation                2
   c - Call Imp                       Summoning                    2
   d - Slow                           Hexes                        2
   e - Conjure Flame                  Conjuration/Fire             3
   f - Mephitic Cloud                 Conjuration/Poison/Air       3
Comestibles
 d - 2 bread rations
 g - 2 royal jellies
 o - 4 fruits
 p - a chunk of flesh


   Skills:
 - Level 2.4 Dodging
 - Level 2.4 Stealth
 * Level 6.5 Spellcasting
 + Level 2.9 Conjurations
 - Level 1.1 Summonings
 - Level 1.1 Translocations


You had 5 spell levels left.
You knew the following spells:

 Your Spells              Type           Power        Failure   Level  Hunger
a - Magic Dart            Conj           ###.         2%          1    None
b - Blink                 Tloc           N/A          7%          2    None
c - Call Imp              Summ           ##......     7%          2    None
d - Conjure Flame         Conj/Fire      ##......     12%         3    None
e - Mephitic Cloud        Conj/Pois/Air  ##......     16%         3    None


Dungeon Overview and Level Annotations

Branches:
Dungeon (3/15)

Altars:
Elyvilon
Sif Muna


Message History

The orc priest mumbles some strange prayers to Beogh against you.
Beogh smites you!
Ouch! That really hurt!
Casting: Magic Dart
Confirm with . or Enter, or press ? or * to list all spells.
Aiming: Magic Dart
Press: ? - help, Shift-Dir - straight line, f/p - orc priest
Aim: an orc priest, wielding an enchanted mace (heavily wounded)
The magic dart hits the orc priest.
The orc priest is severely wounded.
Casting: Magic Dart
Confirm with . or Enter, or press ? or * to list all spells.
Aiming: Magic Dart
Press: ? - help, Shift-Dir - straight line, f/p - orc priest
Aim: an orc priest, wielding an enchanted mace (severely wounded)
The magic dart hits the orc priest.
The orc priest is almost dead.
The orc priest calls down the wrath of Beogh upon you.
Beogh smites you!
You die...

#.#.........#####.#
#.########.........# #.#
#..#####..#
#.########..# ..#
.........#..# ..#
#.######.#..# ..# #.#
#.#..# ..# #
..######.#..# ###.##....
#...........###.@..)o...
##.#####.##.......###.#.
##.# #.######.#.# ##.##
##.#####.#..#
#...###.......# #.#
.........#####.# ##
##.##.##.# ...........
##.##..#####


You could see an orc priest.

Vanquished Creatures
  3 adders (D:2)
  3 worms
  4 dart slugs
  A leopard gecko (D:2)
  2 orcs (D:3)
  4 giant cockroaches
  5 goblins
  5 hobgoblins
  8 jackals (D:2)
  2 quokkas (D:2)
  A ball python (D:2)
  8 bats
  3 frilled lizards (D:2)
  5 kobolds
  8 rats
62 creatures vanquished.

Notes
Turn   | Place    | Note
-------+----------+-------------------------------------------
     0 | D:1      | JarielCorvus the Deep Elf Wizard began the quest for the Orb.
     0 | D:1      | Reached XP level 1. HP: 10/10 MP: 7/7
   140 | D:1      | Reached skill level 5 in Spellcasting
   140 | D:1      | Reached XP level 2. HP: 12/15 MP: 0/10
   233 | D:1      | Learned a level 2 spell: Blink
   236 | D:1      | Learned a level 2 spell: Call Imp
  1047 | D:2      | Found a white marble altar of Elyvilon.
  1051 | D:2      | Reached XP level 3. HP: 19/19 MP: 4/12
  1407 | D:2      | Learned a level 3 spell: Conjure Flame
  1411 | D:2      | Learned a level 3 spell: Mephitic Cloud
  1538 | D:2      | Reached skill level 6 in Spellcasting
  1647 | D:2      | Reached XP level 4. HP: 24/24 MP: 10/14
  1843 | D:2      | Found a deep blue altar of Sif Muna.
  2078 | D:2      | Found a faded altar of an unknown god.
  2694 | D:3      | Killed from afar by an orc priest

Skill      XL: |  1  2  3 |
---------------+----------+-----
Spellcasting   | 5 6 |  6.5
Conjurations   | 2 |  2.9
Dodging        | |  2.4
Stealth        | |  2.4
Summonings     | |  1.1
Translocations | |  1.1

Action                   |  1- 3 |  4- 6 || total
-------------------------+-------+-------++-------
Melee: Unarmed           |     1 |       ||     1
 Cast: Magic Dart        |    94 |    56 ||   150
  Use: Scroll            |     3 |     3 ||     6
       Potion            |     2 |     3 ||     5
  Eat: Chunk             |     2 |     1 ||     3
       Royal jelly       |       |     1 ||     1
Armor: Robe              |     1 |     3 ||     4
Dodge: Dodged            |     8 |     3 ||    11
